 Dungeon Crawl Stone Soup version 0.30-b1-2-g02819fbbbe (webtiles) character file.

Game seed: 12456870642457055272

1869316 MackTheKnife the Acrobat (level 27, 228/228 HPs)
             Began as a Djinni Conjurer on May 6, 2023.
             Was the Champion of Ashenzari.
             Escaped with the Orb
             ... and 3 runes!
             The game lasted 02:36:46 (53685 turns).

MackTheKnife the Acrobat (Djinni Conjurer)         Turns: 53685, Time: 02:36:46

Health: 228/228    AC: 24    Str: 21      XL:     27
Gold:   5042       EV: 34    Int: 33 (34) God:    Ashenzari [******] SH: 19 Dex: 25

rFire   + + +        r - +8 falchion "Gnostic Awkwardness" {spect, *Rage rF+ rC++ rCorr, long, Cun, Self} (curse)
rCold   + + +        L - +3 kite shield "Ruined Together" {Evo, Self} (curse)
rNeg    + . .        D - +8 ring mail of the Eye in the Sky {rF+ rC+ Regen+ Str+3, Self, Evo} (curse)
rPois   ∞            R - +2 helmet of Desmomancy {Int+3, Cun, Evo} (curse)
rElec   +            t - scarf of Ashenzari's Anxiety {rC+ rF+, rN+ Str+6 Int+3 Dex-2, Self, Evo} (curse)
rCorr   +            S - +2 pair of gloves of Ashenzari's Gloom {Cun, Melee} (curse)
SInv    +            (boots unavailable)
Will    +++..        V - amulet "Eternal Together" {Regen+ Str+6 Int+3, Range, Fort} (curse)
Stlth   ++           d - ring of Ashenzari's Sorrow {Dex+6, Melee, Fort} (curse)
HPRegen 2.18/turn    F - ring of the Tethered Sky {Will+, Self, Fort} (curse)
MPRegen 0.00/turn

%: clarity
@: flying, studying Short Blades
A: sickness immunity, fire resistance 2, cold vulnerability 1, float, innate
caster, HP casting, extra vitality 1, berserk 1, electricity resistance
0: Orb of Zot
}: 3/15 runes: serpentine, barnacled, silver
a: Renounce Religion, Shatter the Chains


You escaped.
You worshipped Ashenzari.
Ashenzari was exalted by your worship.
You visited 11 branches of the dungeon, and saw 49 of its levels.
You also visited: Ice Cave, Volcano and Desolation.

You collected 8306 gold pieces.
You spent 3264 gold pieces at shops.


Innate Abilities, Weirdness & Mutations

You are immune to sickness and miasma.
You are immune to poison.
Your flesh is very heat resistant. (rF++)
You are vulnerable to cold. (rC-)
You float through the air rather than walking.
You learn spells naturally, not from books.
Your magical power is your life essence.
You have superior vitality. (+4 MHP)
You sometimes lose your temper in combat.
You are resistant to electric shocks. (rElec)


   Skills:
 + Level 22.1(27) Fighting
 - Level 10.0(13.6) Long Blades
 - Level 13.7(18.4) Armour
 - Level 22.9(27) Dodging
 - Level 5.1(9.6) Stealth
 - Level 12.0(16.7) Shields
 - Level 21.8(27) Spellcasting
 - Level 11.1(16.8) Evocations


You knew the following spells:

 Your Spells              Type           Power      Damage    Failure   Level
a - Magic Dart            Conj           100%       1d8       0%          1
b - Searing Ray           Conj           100%       2d8       0%          2
c - Dazzling Flash        Conj/Hex       100%       N/A       0%          3
d - Fulminant Prism       Conj/Hex       61%        3d26      0%          4
e - Iskenderun's Mystic   Conj/Tloc      100%       2d19      0%          4
f - Fireball              Conj/Fire      61%        3d23      0%          5
g - Summon Ice Beast      Ice/Summ       100%       N/A       0%          4
h - Confusing Touch       Hex            100%       N/A       0%          3
i - Slow                  Hex            100%       N/A       0%          1
j - Blade Hands           Tmut           61%        N/A       0%          5
k - Plasma Beam           Fire/Air       61%        2x1d84    0%          6
l - Eringya's Noxious Bo  Tmut/Pois      61%        N/A       0%          6
m - Dispersal             Tloc           61%        N/A       0%          6
n - Malign Gateway        Summ/Tloc      61%        N/A       0%          7
o - Scorch                Fire           100%       2d9       0%          2
p - Disjunction           Tloc           61%        N/A       1%          8
q - Polar Vortex          Ice            61%        N/A       1%          9
z - Summon Horrible Thin  Summ           61%        N/A       1%          8
Your spell library was empty.

Inventory:

Hand Weapons
 r - the cursed +8 falchion "Gnostic Awkwardness" (weapon) {spect, *Rage rF+ rC++ rCorr, long, Cun, Self}
   (You found it on level 7 of the Dungeon)

   rF:        It protects you from fire.
   rC:        It greatly protects you from cold.
   *Rage:     It berserks you when you make melee attacks (+20% chance).
   rCorr:     It protects you from acid and corrosion.
   It has a curse which improves the following skills: Cunning: Dodging and
   Stealth.
   Introspection: Fighting and Spellcasting.
 A - a +3 double sword of holy wrath {longrare=g}
   (You took it off a merfolk on level 4 of the Shoals)
Armour
 t - the cursed scarf of Ashenzari's Anxiety (worn) {rC+ rF+, rN+ Str+6 Int+3 Dex-2, Self, Evo}
   (You bought it in a shop on level 1 of the Shoals)

   Str:       It affects your strength (+6).
   Int:       It affects your intelligence (+3).
   Dex:       It affects your dexterity (-2).
   rN:        It protects you from negative energy.
   It has a curse which improves the following skills: Introspection: Fighting
   and Spellcasting.
   Evocations: Evocations.
 D - the cursed +8 ring mail of the Eye in the Sky (worn) {rF+ rC+ Regen+ Str+3, Self, Evo}
   (You found it on level 3 of the Elven Halls)

   Str:       It affects your strength (+3).
   rF:        It protects you from fire.
   rC:        It protects you from cold.
   Regen:     It increases your rate of health regeneration.
   It has a curse which improves the following skills: Introspection: Fighting
   and Spellcasting.
   Evocations: Evocations.
 L - the cursed +3 kite shield "Ruined Together" (worn) {Evo, Self}
   (You took it off a naga warrior on level 2 of the Snake Pit)

   It has a curse which improves the following skills: Evocations: Evocations.
   Introspection: Fighting and Spellcasting.
 P - a +1 crystal plate armour {rare=g}
   (You found it on level 5 of the Vaults)
 R - the cursed +2 helmet of Desmomancy (worn) {Int+3, Cun, Evo}
   (You bought it in a shop on level 2 of the Shoals)

   It has a curse which improves the following skills: Cunning: Dodging and
   Stealth.
   Evocations: Evocations.
 S - the cursed +2 pair of gloves of Ashenzari's Gloom (worn) {Cun, Melee}
   (You found it on level 3 of the Snake Pit)

   It has a curse which improves the following skills: Cunning: Dodging and
   Stealth.
   Melee Combat: Short Blades, Long Blades, Axes, Maces & Flails, Polearms,
   Staves and Unarmed Combat.
Jewellery
 d - the cursed ring of Ashenzari's Sorrow (left hand) {Dex+6, Melee, Fort}
   (You took it off a kobold on level 1 of the Dungeon)

   [ring of dexterity]

   Dex:       It affects your dexterity (+6).
   It has a curse which improves the following skills: Melee Combat: Short
   Blades, Long Blades, Axes, Maces & Flails, Polearms, Staves and Unarmed
   Combat.
   Fortitude: Armour and Shields.
 F - the cursed ring of the Tethered Sky (right hand) {Will+, Self, Fort}
   (You found it on level 9 of the Dungeon)

   [ring of willpower]

   Will:      It increases your willpower.
   It has a curse which improves the following skills: Introspection: Fighting
   and Spellcasting.
   Fortitude: Armour and Shields.
 V - the cursed amulet "Eternal Together" (around neck) {Regen+ Str+6 Int+3, Range, Fort}
   (You took it off a deep elf annihilator on level 3 of the Elven Halls)

   [amulet of regeneration]

   Str:       It affects your strength (+6).
   Int:       It affects your intelligence (+3).
   Regen:     It increases your rate of health regeneration.
   It has a curse which improves the following skills: Ranged Combat: Ranged
   Weapons and Throwing.
   Fortitude: Armour and Shields.
Wands
 a - a wand of mindburst (20)
   (You took it off Sonja on level 11 of the Dungeon)
 l - a wand of iceblast (75)
   (You found it on level 4 of the Lair of Beasts)
 n - a wand of polymorph (41)
   (You found it on level 15 of the Dungeon)
 C - a wand of flame (52)
   (You found it on level 7 of the Dungeon)
 H - a wand of charming (39)
   (You found it on level 5 of the Lair of Beasts)
 O - a wand of light (11)
   (You found it on level 5 of the Lair of Beasts)
Scrolls
 e - 6 scrolls of teleportation {@r4}
 g - 2 scrolls of enchant weapon
 m - a scroll of brand weapon
 o - 10 scrolls of poison
 p - 3 scrolls of butterflies
 q - 3 scrolls of magic mapping {!r}
 s - 9 scrolls of immolation {!r!r}
 x - 3 scrolls of fear
 y - 4 scrolls of amnesia
 E - 5 scrolls of vulnerability {!r!r}
 I - 3 scrolls of fog
 K - a scroll of enchant armour
 M - 6 scrolls of blinking {!r}
 W - 3 scrolls of silence {!r}
Potions
 b - 25 potions of curing {@q1}
 f - 13 potions of mutation {!q}
 h - 9 potions of might
 i - 5 potions of lignification {!q}
 j - 8 potions of heal wounds {@q2}
 k - 6 potions of haste {@q3}
 u - a potion of ambrosia
 v - a potion of magic
 w - 4 potions of cancellation
 B - 10 potions of brilliance
 G - 3 potions of berserk rage {!q}
 Q - 5 potions of resistance
Miscellaneous
 c - a phantom mirror
   (You found it on level 13 of the Dungeon)
 z - a box of beasts
   (You found it on level 5 of the Dungeon)
 J - a phial of floods
   (You found it on level 4 of the Shoals)
 N - a piece from Xom's chessboard (15/15)
   (You found it on level 5 of the Lair of Beasts)
 U - a tin of tremorstones (2/2) {throwing}
   (You found it on level 4 of the Shoals)

Dungeon Overview and Level Annotations

Branches:
Dungeon (15/15)            Temple (1/1) D:5            Lair (5/5) D:11
 Shoals (4/4) Lair:3        Snake (4/4) Lair:3        Slime (0/5) Lair:4
    Orc (2/2) D:9             Elf (3/3) Orc:2        Vaults (5/5) D:13
  Crypt (1/3) Vaults:2     Depths (4/4) D:15            Zot (5/5) Depths:4
  IceCv (visited)         Volcano (visited)         Desolation (visited)

Altars:
Ashenzari
Cheibriados
Dithmenos
Elyvilon
Fedhas
Gozag
Hepliaklqana
Makhleb
Nemelex Xobeh
Okawaru
Qazlal
Ru
Trog
Uskayaw
Wu Jian
Xom
Yredelemnul
Zin
The Shining One
Jiyva

Shops:
D:6 ((:   D:12 !   Orc:2 ([(*=   Elf:1 [*   Elf:3 =   Shoals:1 :![(
Shoals:2 [   Snake:3 [   Snake:4 (   Vaults:1 !   Depths:1 [:(

Portals:
Hell: Depths:1 Depths:2 Depths:3 Depths:4
Abyss: Depths:2 Depths:3
Pandemonium: Depths:2
Ziggurat: Depths:2

Annotations:
D:3 Eustachio
D:7 1 runed translucent door, decrepitude's ghost, novice OpTm
D:8 3 runed translucent doors, p0werm0de's ghost, novice MiFi
D:10 3 runed translucent doors, Okhaekh's ghost, novice FoEE
D:14 4 transporters
Lair:2 3 runed translucent doors, Clive's ghost, novice MiFi
Shoals:2 3 runed translucent doors, Bityczex's ghost, adept DEFE
Snake:1 1 runed translucent door, TuffENuff's ghost, adept FoFi
Elf:2 3 runed translucent doors
Vaults:2 exclusion: downstairs
Vaults:3 3 runed translucent doors, heteroy's ghost, veteran GrEE
Zot:5 exclusion: 2 upstairs

..............#...............#
......##.....................##
......##.....................#
.................:.......)...# ##
......#......................# #.
.#.####......................###.
##.# #..........................
##.# #.....########.............
##.# #.....# ##@# #.............
...# ##....###..# #.............
...# ##...##...# #.............
...########.##...###.............
...#........#.....∩#.............
##.........##.....∩#.............
##.........#∩.....##.............
...........#∩.....##.............
...........#∩.....##....#..####.#


There were no monsters in sight!


Message History

😕 HP[+1]
(D) Dungeon (T) Temple (L) Lair (A) Shoals (P) Snake Pit (M) Slime Pits (O) Orcish Mines (E) Elven Halls (V) Vaults (C) Crypt (U) Depths (H) Hell (Z) Zot
Where to? (Enter - D:1 @ (x,y), ? - help)
What level of the Dungeon? (default 1, ? - help)
Okay, then.
Unknown command.
(D) Dungeon (T) Temple (L) Lair (A) Shoals (P) Snake Pit (M) Slime Pits (O) Orcish Mines (E) Elven Halls (V) Vaults (C) Crypt (U) Depths (H) Hell (Z) Zot
Where to? (Enter - D:1 @ (x,y), ? - help)
What level of the Dungeon? (default 1, ? - help)
There is an open door here.
You see here 7 potions of attraction {!q}.
There is a stone staircase leading up here.
You fly upwards.
There is a stone staircase leading down here.
There is an open door here.
There is an open door here.
You sense a monster nearby. 😎 HP[+5]
Your hp is fully restored (228).
A Hell Sentinel comes into view.
There is a stone staircase leading up here.
The Hell Sentinel gestures at you.
The sphere of damnation explodes!
The damnation engulfs you!!!
You fly upwards.
There is a stone staircase leading down here.
Unknown command. 😕 HP[-48]
You take 48 damage, and now have 180/228 hp.
MASSIVE DAMAGE!! (PAUSE)
(D) Dungeon (T) Temple (L) Lair (A) Shoals (P) Snake Pit (M) Slime Pits (O) Orcish Mines (E) Elven Halls (V) Vaults (C) Crypt (U) Depths (H) Hell (Z) Zot
Where to? (Enter - D:1, ? - help)
What level of the Dungeon? (default 1, ? - help)
There is a stone staircase leading up here.
You fly upwards.
There is a stone staircase leading down here.
You see here a +0 trident {polearm}.
You see here a +0 bardiche {polearm}.
There is a stone staircase leading up here.
You fly upwards.
Level annotation: 3 runed translucent doors, Okhaekh's ghost, novice FoEE
There is a stone staircase leading down here.
Okhaekh's ghost turns its malevolent gaze towards you.
There is an open door here.
There is an open door here.
There is a stone staircase leading up here.
You fly upwards.
There is a stone staircase leading down here.
Things that are here:
4 poisoned darts {throwing}; a +0 dagger {short} You sense a monster nearby. 😎 HP[+48]
Your hp is fully restored (228).
There is a stone staircase leading up here.
You fly upwards.
Level annotation: 3 runed translucent doors, p0werm0de's ghost, novice MiFi
There is a stone staircase leading down here.
(D) Dungeon (T) Temple (L) Lair (A) Shoals (P) Snake Pit (M) Slime Pits (O) Orcish Mines (E) Elven Halls (V) Vaults (C) Crypt (U) Depths (H) Hell (Z) Zot
Where to? (Enter - D:1, ? - help)
What level of the Dungeon? (default 1, ? - help)
There is a stone staircase leading up here.
You fly upwards.
Level annotation: 1 runed translucent door, decrepitude's ghost, novice OpTm
There is a stone staircase leading down here.
You see here a +0 short sword {short}.
You see here a +0 flail {mace}.
There is a stone staircase leading up here.
You fly upwards.
There is a stone staircase leading down here.
There is a stone staircase leading up here.
You fly upwards.
There is a stone staircase leading down here.
There is a stone staircase leading up here.
You fly upwards.
There is a stone staircase leading down here.
There is a stone staircase leading up here.
You fly upwards.
Level annotation: Eustachio
There is a stone staircase leading down here.
There is a stone staircase leading up here.
You fly upwards.
There is a stone staircase leading down here.
There is a stone staircase leading up here.
You fly upwards.
There is a stone staircase leading down here.
You see here a +0 mace {mace}.
You see here a +0 whip {mace}.
There is a staircase leading out of the dungeon here.
You have escaped!

Skill      XL: |  1  2  3  4  5  6  7  8  9 10 11 12 13 14 15 16 17 18 19 20 21 22 23 24 25 26 27 |
---------------+----------------------------------------------------------------------------------+-----
Spellcasting   | 4 5 6 7 8 9 10 12 13 14 15 16 17 18 20 21 | 21.8
Fighting       | 5 9 12 15 16 17 18 20 22 | 22.1
Dodging        | 6 10 11 15 16 18 21 22 | 22.9
Long Blades    | 2 4 7 10 | 10.0
Evocations     | 3 6 11 | 11.1
Stealth        | 3 5 |  5.1
Shields        | 3 8 9 12 | 12.0
Armour         | 3 7 8 13 | 13.7

Action                     |  1- 3 |  4- 6 |  7- 9 | 10-12 | 13-15 | 16-18 | 19-21 | 22-24 | 25-27 || total
---------------------------+-------+-------+-------+-------+-------+-------+-------+-------+-------++-------
  Melee: Short sword       |       |     1 |       |       |       |       |       |       |       ||     1
         Falchion          |       |       |       |    53 |   232 |    92 |   158 |    96 |   137 ||   768
   Cast: Magic Dart        |    72 |    42 |     6 |     1 |     2 |       |       |       |       ||   123
         Searing Ray       |     1 |     2 |     3 |     3 |       |       |       |       |       ||     9
         Fulminant Prism   |       |     6 |    34 |    49 |    81 |     2 |     1 |       |       ||   173
         Slow              |       |     1 |     1 |     1 |     1 |       |       |       |       ||     4
         Scorch            |       |     7 |    71 |    98 |    53 |     1 |       |     7 |       ||   237
         Iskenderun's Myst |       |       |     2 |       |       |       |       |       |       ||     2
         Summon Ice Beast  |       |       |     9 |    13 |    17 |     5 |       |       |       ||    44
         Fireball          |       |       |       |    62 |   119 |     8 |     3 |       |       ||   192
         Confusing Touch   |       |       |       |     1 |     3 |       |       |       |       ||     4
         Plasma Beam       |       |       |       |       |   130 |   455 |   456 |   396 |   144 ||  1581
         Eringya's Noxious |       |       |       |       |       |     9 |    17 |       |       ||    26
         Blade Hands       |       |       |       |       |       |     1 |       |     1 |       ||     2
         Dispersal         |       |       |       |       |       |       |    10 |     5 |       ||    15
         Malign Gateway    |       |       |       |       |       |       |    12 |    31 |    32 ||    75
         Summon Horrible T |       |       |       |       |       |       |       |    81 |   105 ||   186
         Disjunction       |       |       |       |       |       |       |       |       |     3 ||     3
 Invoke: Curse Item        |       |       |     3 |     3 |     4 |     2 |     3 |       |     3 ||    18
         Shatter the Chain |       |       |       |     2 |     2 |     1 |     1 |     1 |     2 ||     9
  Evoke: Box of beasts     |       |       |       |     2 |     3 |     2 |     1 |     1 |     1 ||    10
         Wand              |       |       |       |       |     2 |     1 |     8 |       |       ||    11
         Phantom mirror    |       |       |       |       |       |     3 |     2 |       |     1 ||     6
         Tin of tremorston |       |       |       |       |       |       |     2 |       |       ||     2
    Use: Scroll            |       |    10 |     1 |     4 |    10 |     7 |    11 |     1 |    10 ||    54
         Potion            |       |     1 |     2 |     4 |       |     1 |    13 |     1 |     7 ||    29
   Stab: Sleeping          |       |     1 |       |       |     2 |       |       |     1 |       ||     4
         Confused          |       |       |       |     1 |     1 |       |       |       |       ||     2
         Distracted        |       |       |       |       |     4 |     2 |     7 |     7 |    10 ||    30
 Armour: Robe              |     1 |       |     1 |       |       |       |       |       |       ||     2
         Leather armour    |       |       |       |    11 |    32 |    17 |    22 |     4 |       ||    86
         Acid dragon scale |       |       |       |       |       |       |       |    22 |     1 ||    23
         Ring mail         |       |       |       |       |       |       |       |       |    31 ||    31
  Dodge: Dodged            |     1 |     1 |    13 |    88 |   268 |   213 |   166 |   152 |   183 ||  1085
         Repelled          |       |       |       |       |       |    12 |       |       |       ||    12
  Block: Buckler           |       |       |       |    15 |   107 |    63 |       |       |       ||   185
         Kite shield       |       |       |       |       |       |    42 |   165 |   116 |   131 ||   454

Levels and vault maps discovered:
D:1:      amcnicky_arrival_abandoned_market, layout_rooms, minmay_pentomino_u2
D:2:      layout_basic
D:3:      layout_rooms, basic_ecumenical_altar, roderic_lattice_a
D:4:      gammafunk_cloud_chamber, layout_rooms, uniq_eustachio
D:5:      minmay_clustersquares, layout_loops_ring,
          mainiacjoe_overflow_surrounded_room, temple_hall,
          chequers_serial_rivers_micro_d, uniq_pikel
D:6:      layout_cave_pods, nicolae_shop_distant_corner_stores
D:7:      layout_basic, ebering_ghost_inner_flame
D:8:      layout_loops_cross, gammafunk_temple_overflow_statue,
          ebering_ghost_rock_garden, minmay_manual_mess, uniq_maggie
D:9:      layout_basic, hiddenorc1_lemuel, minivault_11
D:10:     layout_basic, gammafunk_ghost_spectres, minmay_misc_feat_enclosed
D:11:     layout_rooms, minmay_lair_entry_grove, uniq_sonja, uniq_fannar,
          uniq_gastronok
D:12:     layout_gridville, serial_shops, nicolae_shop_real_fake_doors,
          st_stairs_6, evilmike_ruin_ashenzari
D:13:     layout_irregular_city, david_vaults_3, nemelex_altar_shiori
D:14:     layout_stronghold, nicolae_diode_intersection
D:15:     hangedman_depths_entry_try_elsewhere_first, layout_basic,
          fedhas_altar_4, minmay_ruined_shrine, uniq_roxanne, uniq_agnes
Temple:   nicolae_temple_bog_church
Lair:1:   layout_chaotic_city, grunt_forest_small_clearings, grunt_megastairs_4,
          uniq_harold
Lair:2:   nzn_winding_woodlands_stair_trap [nzn_winding_woodlands_5x15_parted,
          nzn_winding_woodlands_5x15_pathside_ponds,
          nzn_winding_woodlands_5x15_default,
          nzn_winding_woodlands_15x15_five_gardens,
          nzn_winding_woodlands_5x15_sidewinder,
          nzn_winding_woodlands_5x15_lazy_stream,
          nzn_winding_woodlands_5x15_default], layout_regular_city,
          gammafunk_ghost_necromancy, lightli_volcano_entry_magma_tube,
          lemuel_fruit_tree
Lair:3:   regret_index_combs_of_tragedy, layout_loops_ring,
          minmay_shoals_entry_beasts, guppyfry_snake_entry_garden,
          cheibrodos_lair_caveside_slide, uniq_rupert
Lair:4:   layout_cave_pods, slime_entry_1, serial_bayou_shore_b
Lair:5:   cheibrodos_lair_end_hotspot, layout_regular_city
Shoals:1: cheibrodos_shoals_gigantism, layout_shoals, serial_shops,
          nicolae_shop_just_a_little_nook, shop, shop,
          nicolae_shop_pleasant_corner_grove
Shoals:2: layout_shoals, serial_shops, shop, gammafunk_ghost_split
Shoals:3: layout_shoals, nicolae_shoals_lost_giant_pillars,
          nicolae_shoals_flooded_hall, uniq_ilsuiw
Shoals:4: shoals_end_simple, layout_shoals, nicolae_shoals_water_shrine
Snake:1:  nicolae_snake_nest, layout_misc_corridors,
          ebering_ghost_reflecting_pool, lemuel_oklob_altar,
          serial_bayou_shore_b
Snake:2:  layout_rooms, uniq_aizul, uniq_kirke
Snake:3:  layout_onion_interference, serial_shops, nicolae_shop_window_shopping,
          grunt_ministairs_7, grunt_megastairs_3
Snake:4:  snake_pit, layout_onion, serial_shops, nicolae_shop_peninsula,
          nicolae_snake_squiggles, grunt_ministairs_15, uniq_vashnia
Orc:1:    cheibrodos_orc_guarddog, layout_caves, basic_altar
Orc:2:    grunt_orc_cross, layout_diamond_mine, serial_shops, shop, basic_altar
Elf:1:    minmay_elf_arrival_plus, layout_loops_corners,
          hangedman_corner_corridor, minmay_elf_demonology, minmay_shoptagon
Elf:2:    elven_hall_of_blades_hangedman_original [nicolae_blade_lattice],
          layout_onion_city, portal_ice_cave_entry_ugly_swarm, basic_altar,
          dilly_guarded_unrand_elemental_staff
Elf:3:    nooodl_elf_gasket, layout_loops_cross, serial_shops,
          nicolae_shop_gaudy_bauble, uniq_nikola
Vaults:1: portal_desolation_entry_nicolae_nacl, nicolae_vaults_circle_grid_a,
          vaults_dpeg_ring, nicolae_vaults_apartment_2,
          nicolae_vaults_display_case, nicolae_vaults_doubleplus_tesselated,
          dpeg_vaults_monster_box, v_misc_19, v_rooms_1, v_pattern_3,
          v_alt_pattern_5, nicolae_vaults_tetromino_Z_2, vaults_dpeg_hooks,
          layout_vaults_maze_bifur, serial_shops, nicolae_diamond_shop
Vaults:2: st_octagons_2, nicolae_vaults_stairing_the_circle,
          minmay_crypt_entry_necro_gods, nicolae_vaults_network_star, v_misc_2,
          nicolae_vaults_big_ls, nicolae_vaults_storage_room_doors,
          vaults_room_fours, nicolae_vaults_alarming,
          nicolae_vaults_tetromino_T_2, nicolae_vaults_trapezoid_layered,
          layout_vaults_omnicross
Vaults:3: gammafunk_ghost_fury_of_okawaru, hangedman_vaults_stream,
          nicolae_vaults_double_plus_1, nicolae_vaults_house_1,
          nicolae_vaults_closet_pinwheel_1, nicolae_vaults_asterisk,
          vaults_dpeg_emergency_exit, grunt_vaults_funnel, v_misc_10,
          layout_vaults_omnigrid
Vaults:4: nicolae_vaults_little_squares_2, nicolae_vaults_storage_closets_1,
          ontoclasm_vaults_idyll, nicolae_vaults_gold_heap, v_misc_3,
          hangedman_vaults_variations, nicolae_vaults_prndl,
          nicolae_vaults_tetromino_Z_1, nicolae_vaults_six-pack,
          nicolae_vaults_shrinking_rooms_1, nicolae_vaults_apartment_2,
          hangedman_vaults_slice, ontoclasm_vaults_idyll, vaults_room_pool,
          v_misc_19, layout_vaults_omnibox
Vaults:5
Crypt:1:  layout_gridlike, evilmike_ambush [evilmike_ambush_outer_corners,
          evilmike_ambush_inner_basic], grunt_megastairs_2, uniq_boris
Depths:1: layout_gridlike, lightli_too_deep, chequers_serial_rivers_room_a,
          serial_glass, glass_columns_b, glass_columns_b, glass_columns_b,
          glass_columns_a, glass_columns_c, glass_columns_a, glass_columns_b,
          glass_columns_a, grunt_ministairs_9, skrybe_limestone_x,
          worldfamousw_hep_ancestral_shrine, minmay_shop_star
Depths:2: hellmonk_ruined_rings, layout_honeycomb, enter_ziggurat_c,
          grunt_dithmenos_smoke_and_mirrors, grunt_pan_entry_zigzag,
          abyss_entry, hell_entry, minmay_staircase_bubble
Depths:3: hangedman_cross_stitches, layout_cave_pools,
          hangedman_abyss_entry_splay, serial_sigils_hangedman_gnaw,
          hangedman_geh_valley, uniq_enchantress, uniq_sojobo
Depths:4: grunt_x_marks_the_spot, layout_cross, nicolae_ru_awakened_eye,
          hangedman_tar_grid_catacomb
Zot:1:    layout_basic, hangedman_zot_decor_tridents
Zot:2:    layout_gridlike, uniq_grunn
Zot:3:    layout_basic, st_stairs_2, uniq_vv
Zot:4:    layout_onion
Zot:5:    layout_basic, st_stairs_11

Notes
Turn   | Place    | Note
-------+----------+-------------------------------------------
     0 | D:1      | MackTheKnife the Djinni Conjurer began the quest for the
                  | Orb.
     0 | D:1      | MackTheKnife set off with the following spells memorised:
                  | Magic Dart, Searing Ray, Dazzling Flash, Fulminant Prism,
                  | Iskenderun's Mystic Blast.
     0 | D:1      | Reached XP level 1. HP: 15/15 MP: 0/0
     0 | D:1      | magus.rc [v1.9.6]
    91 | D:1      | Reached XP level 2. HP: 19/21 MP: 0/0
   433 | D:1      | Reached XP level 3. HP: 24/25 MP: 0/0
   433 | D:1      | Learned a level 1 spell: Slow
   731 | D:2      | Reached skill level 4 in Spellcasting
  1036 | D:2      | Reached XP level 4. HP: 25/31 MP: 0/0
  1570 | D:2      | magus.rc [v1.9.6]
  1636 | D:3      | Found a faded altar of an unknown god.
  1952 | D:4      | Noticed Eustachio
  1952 | D:4      | Found a transporter.
  2025 | D:4      | Noticed a wight
  2034 | D:4      | Killed a wight
  2035 | D:4      | Reached XP level 5. HP: 24/35 MP: 0/0
  2035 | D:4      | Learned a level 2 spell: Scorch
  2070 | D:4      | Reached skill level 5 in Spellcasting
  2080 | D:4      | Reached XP level 6. HP: 24/40 MP: 0/0
  2380 | D:4      | Noticed an ice beast
  2381 | D:4      | Found a transporter.
  2383 | D:4      | Noticed an ice beast
  2384 | D:4      | Noticed an ice beast
  2620 | D:5      | Entered Level 5 of the Dungeon
  2658 | D:5      | Identified the +5 mace of the Fray {holy, rPois}
  2662 | D:5      | magus.rc [v1.9.6]
  2855 | D:5      | Identified a potion of experience
  2923 | D:5      | Found a staircase to the Ecumenical Temple.
  2932 | Temple   | Entered the Ecumenical Temple
  3044 | Temple   | Became a worshipper of Ashenzari the Shackled
  3179 | D:5      | Reached skill level 6 in Spellcasting
  3191 | D:5      | Reached XP level 7. HP: 36/45 MP: 0/0
  3191 | D:5      | Learned a level 3 spell: Confusing Touch
  3309 | D:5      | Noticed Pikel
  3322 | D:5      | Killed Pikel
  3323 | D:5      | Reached skill level 7 in Spellcasting
  3323 | D:5      | Reached XP level 8. HP: 29/50 MP: 0/0
  3559 | D:5      | Found a white marble altar of Elyvilon.
  3717 | D:5      | Reached skill level 8 in Spellcasting
  3905 | D:6      | Found Voriz's Antique Weapon Emporium.
  3905 | D:6      | Found Zugueh's Weapon Emporium.
  3905 | D:6      | Found Wesy's Book Emporium.
  3952 | D:6      | Identified the +3 mace of Kismet {heavy, *Rage rC- Int+7
                  | Dex+3}
  4246 | D:6      | Reached XP level 9. HP: 48/55 MP: 0/0
  4246 | D:6      | Learned a level 4 spell: Summon Ice Beast
  4268 | D:6      | Reached skill level 9 in Spellcasting
  4330 | D:6      | Reached skill level 1 in Fighting
  4429 | D:6      | Reached skill level 3 in Dodging
  4857 | D:7      | Reached skill level 2 in Fighting
  4954 | D:7      | Reached skill level 4 in Dodging
  5012 | D:7      | Reached skill level 3 in Fighting
  5152 | D:7      | Reached * piety under Ashenzari
  5160 | D:7      | Identified the +8 falchion "Newtslayer" {spect, *Rage rF+
                  | rC++ rCorr}
  5489 | D:7      | Reached skill level 4 in Fighting
  5489 | D:7      | Reached skill level 5 in Dodging
  5934 | D:7      | Reached ** piety under Ashenzari
  5987 | D:7      | Found a runed translucent door.
  5987 | D:7      | Noticed decrepitude's ghost (novice OpTm)
  5988 | D:7      | Noticed a centaur warrior
  6274 | D:8      | Noticed Maggie
  6688 | D:8      | Reached skill level 6 in Dodging
  6691 | D:8      | Reached skill level 5 in Fighting
  6691 | D:8      | Reached XP level 10. HP: 56/70 MP: 0/0
  6691 | D:8      | Reached skill level 9 in Fighting
  6691 | D:8      | Reached skill level 10 in Dodging
  6691 | D:8      | Reached XP level 11. HP: 67/84 MP: 0/0
  6691 | D:8      | Learned a level 5 spell: Fireball
  6802 | D:8      | Noticed a manticore
  6813 | D:8      | Killed a manticore
  6814 | D:8      | Reached skill level 1 in Long Blades
  6871 | D:8      | Killed Maggie
  6872 | D:8      | Reached skill level 2 in Long Blades
  7007 | D:8      | Found a runed translucent gate.
  7140 | D:8      | Found a runed translucent gate.
  7140 | D:8      | Found a runed translucent gate.
  7140 | D:8      | Noticed p0werm0de's ghost (novice MiFi)
  7178 | D:8      | Found a snail-covered altar of Cheibriados.
  7178 | D:8      | Found a hazy altar of Hepliaklqana.
  7264 | D:8      | Reached skill level 10 in Fighting
  7654 | D:8      | magus.rc [v1.9.6]
  8103 | D:9      | Found a staircase to the Orcish Mines.
  8134 | D:9      | Identified a scroll of acquirement
  8140 | D:9      | Acquired 639 gold pieces
  8216 | D:9      | Reached skill level 1 in Evocations
  8222 | D:9      | Reached skill level 11 in Fighting
  8228 | D:9      | Reached skill level 2 in Evocations
  8381 | D:9      | Reached skill level 3 in Evocations
  8505 | D:10     | Entered Level 10 of the Dungeon
  8798 | D:10     | Found a runed translucent gate.
  8798 | D:10     | Found a runed translucent gate.
  8798 | D:10     | Found a runed translucent gate.
  8814 | D:10     | Reached skill level 2 in Stealth
  8861 | D:10     | Reached *** piety under Ashenzari
  8936 | D:10     | Noticed a two-headed ogre
  8943 | D:10     | Killed a two-headed ogre
  8944 | D:10     | Reached skill level 12 in Fighting
  9087 | D:10     | Reached skill level 3 in Stealth
  9232 | D:10     | Reached XP level 12. HP: 71/100 MP: 0/0
  9497 | D:10     | Reached skill level 4 in Stealth
  9505 | D:10     | Reached skill level 13 in Fighting
  9719 | D:10     | Noticed Okhaekh's ghost (novice FoEE)
  9845 | D:11     | Noticed Sonja
  9876 | D:11     | Noticed a boulder beetle
  9914 | D:11     | Noticed Fannar
  9926 | D:11     | Killed Fannar
 10193 | D:11     | Killed Sonja
 10213 | D:11     | Reached skill level 5 in Stealth
 10250 | D:11     | HP: 17/102 [boulder beetle (48)]
 10257 | D:11     | Noticed Gastronok
 10634 | D:11     | Reached skill level 1 in Shields
 10642 | D:11     | Reached skill level 14 in Fighting
 10745 | D:11     | Noticed a boulder beetle
 10796 | D:11     | Reached skill level 2 in Shields
 10899 | D:11     | Identified the Verses on Indurated Relocation
 10927 | D:11     | HP: 20/103 [boulder beetle (11)]
 10928 | D:11     | Killed a boulder beetle
 11163 | D:11     | Found a staircase to the Lair.
 11201 | D:11     | Reached skill level 3 in Shields
 11229 | Lair:1   | Entered Level 1 of the Lair of Beasts
 11512 | Lair:1   | Noticed Harold
 11514 | Lair:1   | magus.rc [v1.9.6]
 11579 | Lair:1   | Reached skill level 3 in Long Blades
 11634 | Lair:1   | Reached skill level 15 in Fighting
 11648 | Lair:1   | Killed Harold
 11839 | Lair:1   | Noticed a death yak
 11845 | Lair:1   | Noticed a death yak
 11853 | Lair:1   | Noticed a death yak
 11855 | Lair:1   | Killed a death yak
 11856 | Lair:1   | Reached skill level 4 in Long Blades
 11865 | Lair:1   | Killed a death yak
 11866 | Lair:1   | Reached XP level 13. HP: 101/112 MP: 0/0
 11866 | Lair:1   | Learned a level 5 spell: Blade Hands
 11973 | Lair:1   | Reached skill level 16 in Fighting
 11973 | Lair:1   | Reached skill level 5 in Long Blades
 12428 | Lair:2   | Noticed a five-headed hydra
 12472 | Lair:2   | Killed a five-headed hydra
 12486 | Lair:2   | You are sucked into a shaft and drop 2 floors!
 12496 | Lair:4   | Found a staircase to the Slime Pits.
 12545 | Lair:3   | Identified the Book of Spellbinding
 12556 | Lair:3   | Found a staircase to the Shoals.
 12705 | Lair:2   | Found a dark tunnel.
 12713 | Volcano  | Entered a volcano
 12745 | Volcano  | Reached skill level 6 in Long Blades
 12856 | Volcano  | Noticed a stone giant
 12881 | Volcano  | Killed a stone giant
 12882 | Volcano  | Reached skill level 7 in Long Blades
 12945 | Volcano  | Found a burning altar of Makhleb.
 13008 | Volcano  | Identified the +2 longbow of Wealth {flame, *Slow Fly rCorr
                  | Dex+4}
 13437 | Lair:2   | Reached **** piety under Ashenzari
 13497 | Lair:2   | Found a runed translucent gate.
 13498 | Lair:2   | Found a runed translucent gate.
 13499 | Lair:2   | Found a runed translucent gate.
 13500 | Lair:2   | Noticed Clive's ghost (novice MiFi)
 13808 | Lair:2   | Noticed a four-headed hydra
 13815 | Lair:2   | Killed a four-headed hydra
 14252 | Lair:3   | Noticed Rupert
 14440 | Lair:3   | Reached skill level 10 in Spellcasting
 14469 | Lair:3   | Reached XP level 14. HP: 103/125 MP: 0/0
 14581 | Lair:3   | Found a staircase to the Snake Pit.
 15049 | Lair:3   | Reached skill level 11 in Spellcasting
 15116 | Lair:3   | Acquired 791 gold pieces
 15815 | Lair:4   | Found a viscous altar of Jiyva.
 16234 | Lair:5   | Entered Level 5 of the Lair of Beasts
 16243 | Lair:4   | Acquired 591 gold pieces
 16388 | Lair:5   | Reached skill level 12 in Spellcasting
 16866 | Lair:5   | Reached skill level 11 in Dodging
 16882 | Lair:5   | Reached XP level 15. HP: 122/130 MP: 0/0
 16882 | Lair:5   | Learned a level 6 spell: Plasma Beam
 17113 | Lair:5   | Reached skill level 12 in Dodging
 17431 | Lair:5   | Found a large runed translucent door.
 17431 | Lair:5   | Found a large runed translucent door.
 17441 | Lair:5   | Reached skill level 13 in Dodging
 18230 | D:11     | Killed Gastronok
 18585 | Orc:1    | Entered Level 1 of the Orcish Mines
 18707 | Orc:2    | Entered Level 2 of the Orcish Mines
 18758 | Orc:2    | Found Zoh Atenk's Antique Weapon Shop.
 18890 | Orc:2    | Reached skill level 14 in Dodging
 19038 | Orc:2    | Noticed Nergalle
 19043 | Orc:2    | Killed Nergalle
 19066 | Orc:2    | Noticed Saint Roka
 19069 | Orc:2    | Saint Roka changed into Saint Roka the frost giant
 19069 | Orc:2    | Noticed Saint Roka
 19071 | Orc:2    | Killed Saint Roka the frost giant
 19114 | Orc:2    | Reached ***** piety under Ashenzari
 19134 | Orc:2    | Found Qufoafit's General Store.
 19148 | Orc:2    | Found Xucepo's Antique Weapon Emporium.
 19175 | Orc:2    | Bought a scroll of teleportation for 39 gold pieces
 19175 | Orc:2    | Bought a scroll of fear for 52 gold pieces
 19175 | Orc:2    | Bought a scroll of immolation for 52 gold pieces
 19175 | Orc:2    | Bought a scroll of immolation for 52 gold pieces
 19294 | Orc:2    | Found Noeluh's Antique Armour Emporium.
 19300 | Orc:2    | Bought an embroidered scarf for 320 gold pieces
 19309 | Orc:2    | Found Zohe's Jewellery Emporium.
 19441 | Orc:2    | Found a staircase to the Elven Halls.
 20043 | D:12     | Found a broken altar of Ashenzari.
 20062 | D:12     | Reached skill level 15 in Dodging
 20589 | D:12     | Found Ciutes's Distillery.
 20592 | D:12     | Bought a potion of curing for 36 gold pieces
 20592 | D:12     | Bought a potion of curing for 36 gold pieces
 20592 | D:12     | Bought a potion of heal wounds for 60 gold pieces
 20592 | D:12     | Bought a potion of curing for 36 gold pieces
 20592 | D:12     | Bought a potion of heal wounds for 60 gold pieces
 20592 | D:12     | Bought a potion of heal wounds for 60 gold pieces
 20592 | D:12     | Bought a potion of heal wounds for 60 gold pieces
 20760 | D:13     | Noticed Urug
 20760 | D:13     | Found a gate to the Vaults.
 20789 | D:12     | Killed Urug
 20866 | D:12     | c - a +4 eveningstar {macerare=g}
 20867 | D:12     | You drop a +4 eveningstar {macerare=g}.
 21111 | D:13     | Found a sparkling altar of Nemelex Xobeh.
 21142 | D:13     | Reached XP level 16. HP: 114/140 MP: 0/0
 21160 | D:13     | Reached skill level 16 in Dodging
 21612 | D:14     | Found a transporter.
 21686 | D:14     | Reached skill level 1 in Armour
 21737 | D:14     | Reached skill level 2 in Armour
 22086 | D:14     | Found a transporter.
 22113 | D:14     | Identified the Compilation of Composition
 22156 | D:14     | Found a transporter.
 22187 | D:14     | Reached skill level 3 in Armour
 22206 | D:14     | Found a transporter.
 22551 | D:15     | Entered Level 15 of the Dungeon
 22584 | D:15     | Noticed Agnes
 22596 | D:15     | Killed Agnes
 22671 | D:15     | Reached skill level 13 in Spellcasting
 22866 | D:15     | Found an opulent altar of Gozag.
 23005 | D:15     | Found a blossoming altar of Fedhas.
 23080 | D:15     | Identified Roxanne's Meditations on the Xenotype
 23080 | D:15     | Noticed Roxanne
 23144 | D:15     | Killed Roxanne
 23241 | D:15     | Found a staircase to the Depths.
 23568 | Snake:1  | Entered Level 1 of the Snake Pit
 23847 | Snake:1  | magus.rc [v1.9.6]
 23911 | Snake:1  | Reached skill level 4 in Evocations
 24114 | Snake:1  | Found a runed translucent door.
 24119 | Snake:1  | Noticed TuffENuff's ghost (adept FoFi)
 24491 | Snake:1  | Reached skill level 5 in Evocations
 24603 | Snake:2  | Reached skill level 6 in Evocations
 24786 | Snake:2  | Reached XP level 17. HP: 120/150 MP: 0/0
 24786 | Snake:2  | Learned a level 6 spell: Eringya's Noxious Bog
 24790 | Snake:2  | Reached skill level 7 in Evocations
 24812 | Snake:2  | Noticed Aizul
 24914 | Snake:2  | Killed Aizul
 24966 | Snake:2  | Noticed Kirke
 24968 | Snake:2  | Killed Kirke
 25381 | Snake:2  | Reached skill level 8 in Evocations
 25590 | Snake:3  | Reached skill level 9 in Evocations
 25639 | Snake:3  | Reached skill level 10 in Evocations
 25844 | Snake:3  | Reached skill level 11 in Evocations
 25930 | Snake:3  | Found Aliotz's Antique Armour Shop.
 26235 | Snake:3  | Reached skill level 4 in Shields
 26281 | Snake:4  | Entered Level 4 of the Snake Pit
 26403 | Snake:4  | Reached skill level 5 in Shields
 26405 | Snake:4  | Found Hoteutul's Weapon Shoppe.
 26496 | Snake:4  | Reached skill level 6 in Shields
 26685 | Snake:4  | Reached skill level 7 in Shields
 26813 | Snake:4  | Reached skill level 8 in Shields
 26813 | Snake:4  | Reached XP level 18. HP: 105/157 MP: 0/0
 26833 | Snake:4  | Got a serpentine rune of Zot
 26948 | Snake:4  | Reached skill level 9 in Shields
 27403 | Snake:4  | Reached skill level 8 in Long Blades
 27908 | Snake:4  | Reached skill level 9 in Long Blades
 27914 | Snake:4  | Noticed Vashnia
 27963 | Snake:4  | Killed Vashnia
 28249 | Shoals:1 | Entered Level 1 of the Shoals
 28433 | Shoals:1 | Reached skill level 10 in Long Blades
 28519 | Shoals:1 | Found Naom's Antique Armour Emporium.
 28527 | Shoals:1 | Bought a twisted scarf for 310 gold pieces
 28527 | Shoals:1 | Identified the scarf of the Planets {rC+ rF+, rN+ Str+6
                  | Int+3 Dex-2} (You bought it in a shop on level 1 of the
                  | Shoals)
 28527 | Shoals:1 | Bought a runed hat for 217 gold pieces
 28534 | Shoals:1 | Found Ykkoricw's Weapon Emporium.
 28756 | Shoals:1 | Reached skill level 14 in Spellcasting
 28896 | Shoals:1 | Reached skill level 17 in Fighting
 28929 | Shoals:1 | Noticed a titan
 28946 | Shoals:1 | Killed a titan
 29176 | Shoals:1 | Found Joucabb's Book Shop.
 29187 | Shoals:1 | Found Kate's Distillery.
 29195 | Shoals:1 | Bought a potion of curing for 57 gold pieces
 29195 | Shoals:1 | Bought a potion of mutation for 152 gold pieces
 29195 | Shoals:1 | Bought a potion of mutation for 152 gold pieces
 29195 | Shoals:1 | Bought a potion of curing for 57 gold pieces
 29195 | Shoals:1 | Bought a potion of curing for 57 gold pieces
 29195 | Shoals:1 | Bought a potion of resistance for 190 gold pieces
 29553 | Shoals:2 | Reached XP level 19. HP: 143/162 MP: 0/0
 29553 | Shoals:2 | Learned a level 6 spell: Dispersal
 29771 | Shoals:2 | Found a runed translucent gate.
 29771 | Shoals:2 | Found a runed translucent gate.
 29771 | Shoals:2 | Found a runed translucent gate.
 29812 | Shoals:2 | Noticed Bityczex's ghost (adept DEFE)
 29848 | Shoals:2 | Found Ytsuemmo's Antique Armour Shop.
 29882 | Shoals:2 | Bought a pair of runed gloves for 165 gold pieces
 29882 | Shoals:2 | Bought a bloodstained leather armour for 154 gold pieces
 29882 | Shoals:2 | Identified the +1 leather armour of Wenomama {Rampage Fly
                  | rC- rCorr} (You bought it in a shop on level 2 of the
                  | Shoals)
 29882 | Shoals:2 | Bought a glowing helmet for 165 gold pieces
 30260 | Shoals:2 | Identified the +5 plate armour of the Valley {Harm rF+ MP-9
                  | SInv}
 30541 | Shoals:3 | Noticed Ilsuiw
 30548 | Shoals:3 | Killed Ilsuiw
 31232 | Shoals:4 | Entered Level 4 of the Shoals
 31329 | Shoals:4 | A - a +3 double sword of holy wrath {longrare=g}
 31527 | Shoals:4 | Reached skill level 18 in Fighting
 31721 | Shoals:4 | Identified the +0 robe of Autotheism {rElec}
 31749 | Shoals:4 | Reached skill level 15 in Spellcasting
 32219 | Shoals:4 | Got a barnacled rune of Zot
 32259 | Shoals:4 | Identified the +2 robe of Bang {rElec rF+ Dex-2 Archmagi}
 32307 | Shoals:4 | Identified the staff of air "Bewenn" {Fly rElec Str-2 Int+3
                  | SInv}
 32836 | Lair:3   | Killed Rupert
 32983 | Vaults:1 | Entered Level 1 of the Vaults
 33082 | Vaults:1 | Found a crumbling gateway.
 33086 | Desolati | Entered the Desolation of Salt
 33118 | Desolati | Reached XP level 20. HP: 138/171 MP: 0/0
 33152 | Desolati | Identified the amulet of Lefaar {Acrobat Dex+3}
 33300 | Desolati | HP: 35/172 [servant of whispers/bolt of lightning (42)]
 33303 | Desolati | Identified the +7 great sword of Patterns {venom, rPois
                  | MP+9 Str+6 Int-3}
 33303 | Desolati | Identified the staff of conjuration "Kobyuri" {Str+4 Int+3}
 33310 | Desolati | Found the +5 demon whip "Spellbinder" {antimagic, disrupt,
                  | Will+}
 33349 | Desolati | Reached skill level 19 in Fighting
 33526 | Desolati | Identified the +7 hand axe of Caustic Innocence {elec,
                  | rElec}
 33535 | Desolati | HP: 43/173 [ragged hierophant/a resonance strike (19)]
 33661 | Vaults:1 | magus.rc [v1.9.6]
 34020 | Vaults:1 | magus.rc [v1.9.6]
 34119 | Vaults:1 | Reached skill level 16 in Spellcasting
 34591 | Vaults:1 | Found Letorur's Distillery.
 34598 | Vaults:1 | Bought a potion of mutation for 88 gold pieces
 34598 | Vaults:1 | Bought a potion of mutation for 88 gold pieces
 34598 | Vaults:1 | Bought a potion of curing for 33 gold pieces
 34598 | Vaults:1 | Bought a potion of might for 44 gold pieces
 34899 | Vaults:1 | magus.rc [v1.9.6]
 34948 | Vaults:2 | Reached skill level 20 in Fighting
 35071 | Vaults:2 | Reached XP level 21. HP: 158/184 MP: 0/0
 35071 | Vaults:2 | Learned a level 7 spell: Malign Gateway
 35115 | Vaults:2 | Identified the +8 sling of the Changing Moth {elec, Stlth+}
 35666 | Vaults:2 | Found a staircase to the Crypt.
 35667 | Vaults:2 | Found a basalt altar of Yredelemnul.
 36073 | Vaults:2 | Reached skill level 17 in Spellcasting
 36429 | Vaults:2 | magus.rc [v1.9.6]
 36476 | Vaults:3 | magus.rc [v1.9.6]
 36860 | Vaults:3 | Reached skill level 17 in Dodging
 36884 | Vaults:3 | Found a runed translucent gate.
 36884 | Vaults:3 | Found a runed translucent gate.
 36885 | Vaults:3 | Found a runed translucent gate.
 36886 | Vaults:3 | Noticed heteroy's ghost (veteran GrEE)
 36887 | Vaults:3 | Identified the +0 helmet of Wuomm {rN+ Will+ Dex-2}
 36938 | Vaults:3 | magus.rc [v1.9.6]
 37355 | Vaults:3 | Reached ****** piety under Ashenzari
 37479 | Vaults:3 | Reached skill level 18 in Dodging
 37941 | Vaults:3 | Identified the +0 chain mail "Xocyob" {rElec Will- Regen+
                  | Int+2}
 37944 | Vaults:3 | Found an iron altar of Okawaru.
 38090 | Vaults:4 | Reached XP level 22. HP: 185/194 MP: 0/0
 38945 | Vaults:4 | Reached skill level 19 in Dodging
 39130 | Crypt:1  | Entered Level 1 of the Crypt
 39130 | Crypt:1  | Noticed a curse skull
 39131 | Crypt:1  | Noticed a curse skull
 39259 | Depths:1 | Entered Level 1 of the Depths
 39513 | Depths:1 | Identified the Quarto of Confrontation
 39515 | Depths:1 | Found a gateway to Hell.
 39557 | Depths:1 | Found a hazy altar of Hepliaklqana.
 39650 | Depths:1 | Found Niawakk's Armour Shop.
 39670 | Depths:1 | Found Ubbesyle's Book Boutique.
 39672 | Depths:1 | Found Wac Ufo's Weapon Shop.
 39676 | Depths:1 | Reached skill level 20 in Dodging
 40303 | Depths:1 | magus.rc [v1.9.6]
 40452 | Depths:2 | Found a one-way gate to the infinite horrors of the Abyss.
 40484 | Depths:2 | Noticed a caustic shrike
 40484 | Depths:2 | Noticed a caustic shrike
 40484 | Depths:2 | Noticed a caustic shrike
 40583 | Depths:2 | Killed a caustic shrike
 40595 | Depths:2 | Killed a caustic shrike
 40596 | Depths:2 | Reached skill level 21 in Dodging
 40700 | Depths:2 | Found a shadowy altar of Dithmenos.
 40734 | Depths:2 | Killed a caustic shrike
 40740 | Depths:2 | Found a one-way gateway to a ziggurat.
 41007 | Depths:2 | Found a one-way gate leading to the halls of Pandemonium.
 41157 | Depths:2 | Reached XP level 23. HP: 191/201 MP: 0/0
 41157 | Depths:2 | Learned a level 8 spell: Summon Horrible Things
 41409 | Depths:3 | Reached skill level 22 in Dodging
 41495 | Depths:3 | Noticed a juggernaut
 41587 | Depths:3 | Killed a juggernaut
 41707 | Depths:3 | Noticed the Enchantress
 41707 | Depths:3 | the Enchantress comes into view. She is wielding a +4
                  | rapier of freezing, wearing the +3 faerie dragon scales
                  | {Fly rPois rCorr} and wearing a +1 buckler of reflection.
 41713 | Depths:3 | Killed the Enchantress
 41822 | Depths:3 | magus.rc [v1.9.6]
 41858 | Depths:3 | Reached skill level 4 in Armour
 41895 | Depths:3 | Noticed Sojobo
 41912 | Depths:3 | Paralysed by an air elemental for 1 turns
 41999 | Depths:2 | Identified the cursed +2 pair of gloves of Ashenzari's
                  | Gloom {Cun, Melee} (You found it on level 3 of the Snake
                  | Pit)
 41999 | Depths:2 | Identified the cursed +3 kite shield "Ruined Together"
                  | {Evo, Self} (You took it off a naga warrior on level 2 of
                  | the Snake Pit)
 42166 | Depths:3 | Reached skill level 5 in Armour
 42321 | Depths:3 | Killed Sojobo
 42600 | Depths:3 | Reached skill level 6 in Armour
 42797 | Depths:4 | Entered Level 4 of the Depths
 42809 | Depths:4 | Reached skill level 7 in Armour
 42842 | Depths:3 | magus.rc [v1.9.6]
 43460 | Depths:4 | Found a sacrificial altar of Ru.
 43508 | Depths:4 | Noticed a golden dragon
 43514 | Depths:4 | Killed a golden dragon
 43514 | Depths:4 | Identified +0 gold dragon scales
 43542 | Depths:4 | Reached skill level 18 in Spellcasting
 43663 | Depths:4 | +0 gold dragon scales {rare}; a golden dragon corpse
 43738 | Depths:4 | Reached XP level 24. HP: 180/204 MP: 0/0
 43953 | Depths:4 | Found a gate to the Realm of Zot.
 44514 | Vaults:4 | magus.rc [v1.9.6]
 44859 | Elf:1    | Entered Level 1 of the Elven Halls
 45360 | Elf:1    | Reached skill level 19 in Spellcasting
 45393 | Elf:1    | Identified Dispater's Tome of the Union
 45478 | Elf:1    | Found Wasyex's General Store.
 45485 | Elf:1    | Bought a scroll of magic mapping for 112 gold pieces
 45485 | Elf:1    | Bought a potion of haste for 150 gold pieces
 45485 | Elf:1    | Found Liyvenwi's Antique Armour Shop.
 45498 | Elf:1    | Bought a spiked leather armour for 210 gold pieces
 45498 | Elf:1    | Identified the +1 leather armour "Oducvul" {Fly rC+ Int+4}
                  | (You bought it in a shop on level 1 of the Elven Halls)
 45601 | Elf:1    | Identified the +0 robe of Magic {Str+3 Int+4}
 46250 | Elf:2    | Found a frozen archway.
 46251 | Elf:2    | Paralysed by an air elemental for 1 turns
 46291 | IceCv    | Entered an ice cave
 46627 | IceCv    | T - a +1 executioner's axe of freezing {axerare=g}
 46748 | IceCv    | You drop a +1 executioner's axe of freezing {axerare=g}.
 46825 | Elf:2    | Paralysed by an air elemental for 1 turns
 46899 | Elf:2    | Found a runed translucent gate.
 46899 | Elf:2    | Found a runed translucent gate.
 46900 | Elf:2    | Found a runed translucent gate.
 47010 | Elf:2    | a master elementalist comes into view. It is wielding the
                  | +3 Elemental Staff {rElec rF+ rC+ AC+3} and wearing a +2
                  | robe of willpower.
 47011 | Elf:2    | Here: a master elementalist, wielding the +3 Elemental
                  | Staff {rElec rF+ rC+ AC+3} and wearing a +2 robe of
                  | willpower (wandering, hasn't noticed you)
 47011 | Elf:2    | Here: a master elementalist, wielding the +3 Elemental
                  | Staff {rElec rF+ rC+ AC+3} and wearing a +2 robe of
                  | willpower (wandering, hasn't noticed you)
 47203 | Elf:2    | Reached skill level 20 in Spellcasting
 47363 | Elf:2    | Gained mutation: You are resistant to electric shocks.
                  | (rElec) [potion of mutation]
 47363 | Elf:2    | Gained mutation: You sometimes lose your temper in combat.
                  | [potion of mutation]
 47508 | Elf:3    | Entered Level 3 of the Elven Halls
 47514 | Elf:3    | Paralysed by an air elemental for 1 turns
 47533 | Elf:2    | magus.rc [v1.9.6]
 47545 | Elf:3    | Noticed Nikola
 47556 | Elf:3    | Killed Nikola
 47578 | Elf:3    | Reached XP level 25. HP: 191/211 MP: 0/0
 47578 | Elf:3    | Learned a level 8 spell: Disjunction
 47714 | Elf:3    | Found Noir's Jewellery Shoppe.
 47810 | Elf:3    | Reached skill level 10 in Shields
 48241 | Elf:3    | Identified the amulet of Geuw {Acrobat rPois rF+ Str-4}
 48268 | Elf:3    | Identified the ring of Momurghay {rElec rF- rN+ Str+3}
 48269 | Elf:3    | a deep elf elementalist comes into view. It is wielding a
                  | +1 battleaxe of electrocution and wearing the ring of
                  | Shadows {Umbra +Inv Stlth+}.
 48271 | Elf:3    | Identified the +2 war axe of the Gazing Gods {distort, rF+
                  | rC- Will+}
 48286 | Elf:3    | Reached skill level 11 in Shields
 48365 | Elf:3    | Identified the +7 flail "Duplamy" {spect, rF+}
 48365 | Elf:3    | Identified the +1 plate armour of the Kettle-Drum {rC+
                  | Slay+3}
 48372 | Elf:3    | Identified the +2 great mace of Experimentation {holy,
                  | Int-2 Dex+5}
 48372 | Elf:3    | Identified the amulet "Suuts" {Regen+ Str+6 Int+3}
 48623 | Elf:3    | Reached skill level 12 in Shields
 48636 | Elf:3    | Identified the Tome of the Winter and Convocation
 48658 | Elf:3    | Identified the +2 helmet of Nuenise {-Cast Harm Str+3}
 48663 | Elf:3    | Identified the +8 ring mail "Zume" {rF+ rC+ Regen+ Str+3}
 48745 | Elf:3    | Identified the ring "Zaokkuh" {rPois EV+5 Str+9 Slay-5}
 48797 | Elf:3    | Identified the staff of cold "Buisiu" {rC+ rN+ Str+8}
 48843 | Elf:3    | Identified the +0 scale mail of Dyevukes {rCorr MP+9}
 48914 | Elf:3    | Identified the staff of poison "Pacran" {rPois Str+3}
 49354 | Vaults:5 | Entered Level 5 of the Vaults
 49421 | Vaults:5 | Got a silver rune of Zot
 49539 | Vaults:5 | +0 shadow dragon scales {rare}; a shadow dragon corpse
 49615 | Vaults:5 | Identified the +1 shortbow of Heog {heavy, rF- Will+ Str+3}
 49619 | Vaults:5 | Identified the staff of conjuration "Hupp" {Str+4 Dex+2}
 49742 | Vaults:5 | Noticed a dread lich
 49746 | Vaults:5 | Killed a dread lich
 49808 | Vaults:5 | Reached skill level 21 in Spellcasting
 50091 | Vaults:5 | Reached XP level 26. HP: 193/215 MP: 0/0
 50151 | Vaults:5 | Identified a +1 crystal plate armour
 50164 | Vaults:5 | P - a +1 crystal plate armour {rare=g}
 50346 | Vaults:5 | Identified the staff of conjuration "Uremunuo" {rF+}
 50459 | Vaults:5 | Reached skill level 8 in Armour
 50459 | Vaults:5 | Reached XP level 27. HP: 221/221 MP: 0/0
 50459 | Vaults:5 | Learned a level 9 spell: Polar Vortex
 50516 | Vaults:5 | Identified the staff of death "Zarip" {rN+ Dex+3}
 51236 | D:4      | Reached skill level 9 in Armour
 51642 | Zot:1    | Entered Level 1 of the Realm of Zot
 51659 | Zot:1    | Noticed an electric golem
 51670 | Zot:1    | Killed an electric golem
 51787 | Zot:1    | Reached skill level 10 in Armour
 51814 | Zot:1    | +0 storm dragon scales {rare}; a storm dragon corpse
 51840 | Zot:1    | +0 storm dragon scales {rare}; a storm dragon corpse
 52027 | Zot:2    | Reached skill level 11 in Armour
 52082 | Zot:3    | Identified +0 gold dragon scales
 52084 | Zot:3    | +0 gold dragon scales {rare}; a golden dragon corpse
 52134 | Zot:4    | Noticed a Killer Klown
 52143 | Zot:4    | Killed a Killer Klown
 52177 | Zot:5    | Entered Level 5 of the Realm of Zot
 52185 | Zot:5    | Reached skill level 12 in Armour
 52198 | Zot:5    | Identified +0 gold dragon scales
 52400 | Zot:5    | +0 gold dragon scales {rare}; a golden dragon corpse
 52419 | Zot:5    | Noticed a Killer Klown
 52421 | Zot:5    | Killed a Killer Klown
 52436 | Zot:5    | Reached skill level 13 in Armour
 52646 | Zot:5    | Noticed a curse toe
 52649 | Zot:5    | Killed a curse toe
 52802 | Zot:5    | magus.rc [v1.9.6]
 52843 | Zot:5    | Noticed an orb of fire
 52846 | Zot:5    | Noticed a Killer Klown
 52853 | Zot:5    | Noticed an electric golem
 52857 | Zot:5    | Killed an orb of fire
 52861 | Zot:5    | Killed a Killer Klown
 52867 | Zot:5    | Killed an electric golem
 52868 | Zot:5    | Reached skill level 21 in Fighting
 52877 | Zot:5    | Noticed an orb of fire
 52886 | Zot:5    | Noticed a Killer Klown
 52887 | Zot:5    | Killed an orb of fire
 52890 | Zot:5    | Noticed a Killer Klown
 52891 | Zot:5    | Killed a Killer Klown
 52896 | Zot:5    | Killed a Killer Klown
 52966 | Zot:5    | Noticed a Killer Klown
 52975 | Zot:5    | Killed a Killer Klown
 53088 | Zot:5    | Reached skill level 22 in Fighting
 53090 | Zot:5    | Noticed a Killer Klown
 53091 | Zot:5    | Got the Orb of Zot
 53107 | Zot:5    | Noticed Zihoqon the pandemonium lord
 53258 | Zot:1    | Noticed Haojuk the pandemonium lord
 53685 | D:$      | Escaped with the Orb!

Vanquished Creatures
  A juggernaut (Depths:3)
  2 Killer Klowns
  2 caustic shrikes (Depths:2)
  A golden dragon (Zot:3)
  An electric golem (Zot:1)
  Rupert (Lair:3)
  2 liches
  3 tentacled monstrosities
  5 Orb Guardians (Zot:5)
  2 titans
  A kraken (Shoals:4)
  A deep elf master archer (Elf:3)
  2 quicksilver dragons (Zot:5)
  A death cob (Zot:4)
  4 sphinxes
  Gastronok (D:11)
  Agnes (D:15)
  A storm dragon (Depths:4)
  Kirke (Snake:2)
  Roxanne (D:15)
  Ilsuiw (Shoals:3)
  2 nagarajas (Snake:4)
  5 fire giants
  2 shadow dragons (Vaults:5)
  An imperial myrmidon (Desolation)
  8 frost giants
  2 draconian scorchers
  2 balrugs
  3 deep elf sorcerers
  10 vault wardens
  A ghost moth (Zot:5)
  Aizul (Snake:2)
  A draconian shifter (Zot:5)
  5 deep elf elementalists
  8 ironbound preservers
  11 very ugly things
  8 stone giants
  A draconian annihilator (Depths:4)
  2 spriggan defenders (Depths:3)
  4 deep elf demonologists
  10 ironbound thunderhulks
  3 black draconians
  2 vampire knights
  A halazid warlock (Desolation)
  3 green draconians
  5 deep elf annihilators
  3 yellow draconians
  16 dire elephants
  A red draconian (Zot:1)
  2 white draconians
  A purple draconian (Zot:5)
  A crystal guardian (Desolation)
  7 ettins
  A blizzard demon (Depths:2)
  7 merfolk javelineers
  3 deep elf death magi (Elf:3)
  2 entropy weavers
  2 fire dragons
  11 merfolk impalers
  3 deep elf high priests (Elf:3)
  15 yaktaur captains
  6 servants of whispers
  A rakshasa (Depths:3)
  A spriggan air mage (Depths:1)
  5 great orbs of eyes
  Fannar (D:11)
  5 hydras
  4 salamander tyrants
  Harold (Lair:1)
  21 vault guards
  5 ice dragons
  13 ironbound frosthearts
  An ogre mage (Vaults:5)
  3 boulder beetles
  3 peacekeepers (Desolation)
  5 merfolk avatars
  6 anacondas
  5 tengu warriors
  3 two-headed ogres
  4 dancing weapons
  7 merfolk aquamancers
  A catoblepas (D:15)
  6 centaur warriors
  A death knight (D:15)
  6 deep troll shamans
  10 death yaks
  24 naga warriors
  A vampire mage (Depths:3)
  3 deep troll earth magi
  2 orc high priests
  11 naga sharpshooters
  Urug (D:12)
  2 spriggan berserkers
  6 hell knights
  9 deep elf knights
  Nergalle (Orc:2)
  5 shock serpents
  A sun demon (Depths:2)
  Sonja (D:11)
  A sixfirhy (Depths:2)
  A soul eater (Depths:2)
  6 skysharks
  6 salamander mystics
  11 sea snakes
  2 iron trolls (Depths:2)
  4 glowing orange brains
  22 deep trolls
  4 orc knights
  A deep troll (shapeshifter) (Vaults:3)
  A tengu zombie (Depths:1)
  An orange crystal statue (IceCv)
  7 deep elf archers
  4 wizards
  7 naga ritualists
  20 ironbound convokers
  A sphinx zombie (Depths:1)
  17 harpies
  12 deep elf zephyrmancers
  Pikel (D:5)
  18 lindwurms
  3 wolf spiders
  A mana viper (shapeshifter) (D:12)
  18 deep elf pyromancers
  6 mana vipers
  2 phantasmal warriors
  4 necromancers
  2 orc sorcerers
  8 cyclopes
  11 manticores
  23 salamanders
  27 ugly things
  3 fauns (Shoals:2)
  A sphinx skeleton (Depths:1)
  An oklob plant (Snake:1)
  11 elephants
  9 water nymphs
  37 black mambas
  9 merfolk sirens
  An elephant (shapeshifter) (D:15)
  6 moths of wrath
  7 guardian serpents
  A black mamba (shapeshifter) (Vaults:5)
  An eye of devastation (Depths:2)
  An orange demon (Depths:2)
  2 smoke demons (Depths:1)
  16 vault sentinels
  3 molten gargoyles
  9 cane toads
  20 naga magi
  A gargoyle (Volcano)
  A rust devil (Depths:2)
  Maggie (D:8)
  An efreet (Volcano)
  A titan simulacrum (Depths:1)
  10 rime drakes
  3 tengu conjurers (Depths:1)
  3 unseen horrors
  31 yaktaurs
  3 freezing wraiths
  A kobold demonologist (D:14)
  3 ice devils (Depths:2)
  12 komodo dragons
  A queen bee (Lair:3)
  47 merfolk
  3 trolls
  3 polar bears
  A red devil (Depths:2)
  7 meliai
  6 wind drakes
  2 yaktaur skeletons (Vaults:1)
  2 elf skeletons
  A wind drake (shapeshifter) (D:14)
  4 hornets
  34 saltlings
  19 dream sheep
  6 blink frogs
  2 air elementals (Elf:3)
  31 slime creatures
  11 snapping turtles
  A ynoxinul (Depths:2)
  A vampire (D:11)
  3 spriggans
  18 basilisks
  18 water elementals
  A fire elemental (Volcano)
  6 fire bats (Volcano)
  40 yaks
  9 wyverns
  3 wraiths
  16 humans
  3 redbacks
  6 vampire mosquitoes (D:13)
  A warg (Orc:2)
  55 nagas
  3 human zombies
  An acid dragon (shapeshifter) (Vaults:5)
  18 water moccasins
  5 hell hounds (Lair:5)
  A sky beast (D:7)
  A floating eye (Depths:2)
  27 orc warriors
  4 ice beasts
  6 boggarts
  7 ogres
  4 black bears
  An ettin simulacrum (Vaults:1)
  19 wolves
  10 centaurs
  2 lemures (D:5)
  2 phantoms
  2 kobold brigands
  13 bullfrogs
  3 gnoll sergeants
  An earth elemental (Elf:3)
  5 scorpions
  12 wights
  25 killer bees (Lair:3)
  A killer bee (shapeshifter) (Vaults:5)
  7 howler monkeys
  An electric eel (Lair:2)
  9 lava snakes
  A jelly (D:7)
  A jelly (shapeshifter) (D:15)
  4 hounds
  15 orc priests
  A gnoll bouda (D:6)
  An iguana (D:7)
  27 orc wizards
  2 hell rats (Lair:3)
  4 adders
  21 gnolls
  A river rat (Lair:3)
  2 shadow imps
  A white imp (D:6)
  3 ufetubi
  3 worms
  59 orcs
  6 ball pythons
  7 bats
  6 endoplasms
  3 giant cockroaches
  9 goblins
  8 hobgoblins
  A jackal (D:5)
  3 quokkas (D:3)
  2 frilled lizards
  14 kobolds
  9 rats
  3 tentacles (Shoals:4)
1631 creatures vanquished.

Vanquished Creatures (collateral kills)
  A dread lich (Vaults:5)
  2 orbs of fire (Zot:5)
  Sojobo (Depths:3)
  A curse toe (Zot:5)
  4 Killer Klowns (Zot:5)
  Vashnia (Snake:4)
  A caustic shrike (Depths:2)
  Nikola (Elf:3)
  3 golden dragons
  the Enchantress (Depths:3)
  An electric golem (Zot:5)
  2 bone dragons (Depths:4)
  5 tentacled monstrosities
  An Ice Fiend (Depths:3)
  3 titans (Vaults:5)
  A lich (Vaults:5)
  15 Orb Guardians (Zot:5)
  A deep elf blademaster (Elf:3)
  2 death cobs
  An eldritch tentacle (IceCv)
  A deep elf master archer (Elf:3)
  A sphinx (Depths:2)
  7 storm dragons
  2 tengu reavers (Depths:3)
  6 shadow dragons
  A draconian knight (Zot:5)
  An azure jelly (shapeshifter) (Vaults:5)
  3 deep elf sorcerers (Elf:3)
  A wizard (Elf:2)
  5 vault wardens
  5 frost giants
  A draconian shifter (Zot:1)
  4 fire giants
  3 draconian scorchers
  A quicksilver ooze (Vaults:2)
  A draconian stormcaller (Zot:1)
  A draconian annihilator (Zot:2)
  3 spriggan defenders (Depths:3)
  A war gargoyle (Vaults:5)
  3 ironbound preservers
  6 very ugly things
  8 stone giants
  A vampire knight (Depths:4)
  4 white draconians
  4 green draconians
  3 deep elf demonologists (Elf:3)
  2 black draconians
  4 purple draconians
  5 red draconians
  3 yellow draconians
  5 deep elf annihilators
  4 deep elf death magi
  5 yaktaur captains (Vaults:5)
  2 ettins (Vaults:5)
  2 fire dragons
  A deep elf high priest (Elf:3)
  A great orb of eyes (Zot:3)
  A ragged hierophant (Desolation)
  15 vault guards
  5 ice dragons
  2 ironbound frosthearts (IceCv)
  A hell beast (Depths:2)
  An ogre mage (Vaults:5)
  A boulder beetle (D:11)
  4 spriggan air magi
  20 dancing weapons
  3 deep troll shamans
  2 tengu warriors
  A naga sharpshooter (Snake:4)
  2 deep troll earth magi
  2 spriggan berserkers
  7 hell knights
  2 deep elf knights (Elf:1)
  2 iron trolls (Depths:4)
  13 deep trolls
  2 ironbound convokers (Vaults:2)
  A deep elf archer (Elf:2)
  10 deep elf zephyrmancers
  2 phantasmal warriors (Vaults:5)
  2 necromancers (Depths:4)
  3 deep elf pyromancers (Elf:1)
  11 ugly things
  A faun (shapeshifter) (Vaults:5)
  A manticore (D:8)
  A salamander (Snake:4)
  3 moths of wrath
  An elephant (shapeshifter) (Vaults:5)
  6 vault sentinels
  5 rime drakes (IceCv)
  2 komodo dragons
  3 freezing wraiths (Vaults:5)
  3 yaktaurs
  2 polar bears (IceCv)
  A wind drake (Lair:3)
  5 saltlings (Desolation)
  A hornet (Depths:3)
  7 slime creatures (Vaults:3)
  4 air elementals (Elf:2)
  2 spriggans (Depths:3)
  3 water elementals
  A steam dragon (Lair:5)
  2 yaks (Lair:1)
  3 fire elementals
  A water moccasin (D:11)
  An orc warrior (D:9)
  An ogre (D:7)
  A wolf (Lair:1)
  3 earth elementals (Elf:2)
  A bullfrog (D:7)
  A lava snake (Lair:5)
  An orc priest (D:8)
  An orc wizard (D:7)
  6 orcs (D:9)
348 creatures vanquished.

Vanquished Creatures (others)
  73 eldritch tentacles
  A storm dragon (Depths:4)
  A servant of whispers (Desolation)
  A peacekeeper (Desolation)
  An anaconda (Snake:4)
  A deep elf knight (Elf:1)
  A necromancer (Depths:3)
  2 moths of wrath (Zot:2)
  2 rime drakes (IceCv)
  A bush (Lair:5)
  173 fulminant prisms
  26 fungi
  159 plants
  6 spectral weapons
  A tentacle (Shoals:4)
449 creatures vanquished.

Grand Total: 2428 creatures vanquished

Table legend:
 A = Non-vault XP
 B = Vault XP
 C = Vault XP percentage of total XP
 D = Non-vault monster count
 E = Vault monster count
 F = Vault count percentage of total count
                 A         B        C        D         E       F
            +---------+---------+-------+---------+---------+-------
      Total |  537243 |  558472 |  51.0 |    1127 |     849 |  43.0
            +---------+---------+-------+---------+---------+-------
        D:1 |      32 |       3 |   8.6 |      20 |       2 |   9.1
        D:2 |      50 |       0 |   0.0 |      23 |       0 |   0.0
        D:3 |      24 |       0 |   0.0 |      14 |       0 |   0.0
        D:4 |     284 |     394 |  58.1 |       9 |       3 |  25.0
        D:5 |     269 |     942 |  77.8 |       8 |      12 |  60.0
        D:6 |     765 |       0 |   0.0 |      18 |       0 |   0.0
        D:7 |    1237 |       0 |   0.0 |      26 |       0 |   0.0
        D:8 |     916 |    1343 |  59.5 |      29 |       6 |  17.1
        D:9 |    2739 |     243 |   8.1 |      26 |      17 |  39.5
       D:10 |    3859 |     119 |   3.0 |      27 |       1 |   3.6
       D:11 |    2798 |    5328 |  65.6 |      11 |      15 |  57.7
       D:12 |    4282 |    2499 |  36.9 |      15 |       9 |  37.5
       D:13 |    4407 |    4240 |  49.0 |      16 |      12 |  42.9
       D:14 |    4679 |       0 |   0.0 |      14 |       0 |   0.0
       D:15 |    4473 |    9703 |  68.4 |      20 |      15 |  42.9
     Lair:1 |    2685 |    4689 |  63.6 |      13 |      10 |  43.5
     Lair:2 |    2906 |    4247 |  59.4 |       9 |      14 |  60.9
     Lair:3 |    5793 |    9726 |  62.7 |      18 |      53 |  74.6
     Lair:4 |    7154 |       0 |   0.0 |      31 |       0 |   0.0
     Lair:5 |   17219 |    7772 |  31.1 |      49 |      28 |  36.4
   Shoals:1 |   18563 |    4528 |  19.6 |      38 |       4 |   9.5
   Shoals:2 |   16664 |       0 |   0.0 |      32 |       0 |   0.0
   Shoals:3 |    2996 |    8003 |  72.8 |       9 |      15 |  62.5
   Shoals:4 |   17381 |   23945 |  57.9 |      37 |      45 |  54.9
    Snake:1 |   11682 |     505 |   4.1 |      28 |       1 |   3.4
    Snake:2 |   12828 |    4588 |  26.3 |      27 |       5 |  15.6
    Snake:3 |   16213 |    6864 |  29.7 |      40 |      13 |  24.5
    Snake:4 |   23060 |   28054 |  54.9 |      48 |      40 |  45.5
      Orc:1 |    1383 |       0 |   0.0 |      16 |       0 |   0.0
      Orc:2 |    1648 |    7776 |  82.5 |      16 |      38 |  70.4
      Elf:1 |   27937 |   14860 |  34.7 |      48 |      22 |  31.4
      Elf:2 |    5678 |   25041 |  81.5 |      13 |      34 |  72.3
      Elf:3 |   10240 |   39914 |  79.6 |      18 |      36 |  66.7
   Vaults:1 |   21153 |   26197 |  55.3 |      37 |      37 |  50.0
   Vaults:2 |   27646 |   29093 |  51.3 |      39 |      43 |  52.4
   Vaults:3 |   27857 |   12682 |  31.3 |      47 |      20 |  29.9
   Vaults:4 |   11277 |   16206 |  59.0 |      14 |      22 |  61.1
   Vaults:5 |   20814 |   84762 |  80.3 |      27 |      80 |  74.8
   Depths:1 |   30550 |    4015 |  11.6 |      38 |       5 |  11.6
   Depths:2 |   28413 |    7149 |  20.1 |      27 |      14 |  34.1
   Depths:3 |   30268 |   31221 |  50.8 |      39 |      24 |  38.1
   Depths:4 |   27198 |   20069 |  42.5 |      30 |      17 |  36.2
      Zot:1 |   21554 |       0 |   0.0 |      19 |       0 |   0.0
      Zot:2 |   12510 |       0 |   0.0 |      12 |       0 |   0.0
      Zot:3 |    2545 |       0 |   0.0 |       1 |       0 |   0.0
      Zot:4 |    9722 |       0 |   0.0 |       6 |       0 |   0.0
      Zot:5 |   32892 |   61378 |  65.1 |      25 |      31 |  55.4
      IceCv |       0 |   23527 | 100.0 |       0 |      39 | 100.0
    Volcano |       0 |    3573 | 100.0 |       0 |      15 | 100.0
 Desolation |       0 |   23274 | 100.0 |       0 |      52 | 100.0
            +---------+---------+-------+---------+---------+-------

Skill      XL: |  1  2  3  4  5  6  7  8  9 10 11 12 13 14 15 16 17 18 19 20 21 22 23 24 25 26 27 |
---------------+----------------------------------------------------------------------------------+-----
Spellcasting   | 4 5 6 7 8 9 10 12 13 14 15 16 17 18 20 21 | 21.8
Fighting       | 5 9 12 15 16 17 18 20 22 | 22.1
Dodging        | 6 10 11 15 16 18 21 22 | 22.9
Long Blades    | 2 4 7 10 | 10.0
Evocations     | 3 6 11 | 11.1
Stealth        | 3 5 |  5.1
Shields        | 3 8 9 12 | 12.0
Armour         | 3 7 8 13 | 13.7

Action                     |  1- 3 |  4- 6 |  7- 9 | 10-12 | 13-15 | 16-18 | 19-21 | 22-24 | 25-27 || total
---------------------------+-------+-------+-------+-------+-------+-------+-------+-------+-------++-------
  Melee: Short sword       |       |     1 |       |       |       |       |       |       |       ||     1
         Falchion          |       |       |       |    53 |   232 |    92 |   158 |    96 |   137 ||   768
   Cast: Magic Dart        |    72 |    42 |     6 |     1 |     2 |       |       |       |       ||   123
         Searing Ray       |     1 |     2 |     3 |     3 |       |       |       |       |       ||     9
         Fulminant Prism   |       |     6 |    34 |    49 |    81 |     2 |     1 |       |       ||   173
         Slow              |       |     1 |     1 |     1 |     1 |       |       |       |       ||     4
         Scorch            |       |     7 |    71 |    98 |    53 |     1 |       |     7 |       ||   237
         Iskenderun's Myst |       |       |     2 |       |       |       |       |       |       ||     2
         Summon Ice Beast  |       |       |     9 |    13 |    17 |     5 |       |       |       ||    44
         Fireball          |       |       |       |    62 |   119 |     8 |     3 |       |       ||   192
         Confusing Touch   |       |       |       |     1 |     3 |       |       |       |       ||     4
         Plasma Beam       |       |       |       |       |   130 |   455 |   456 |   396 |   144 ||  1581
         Eringya's Noxious |       |       |       |       |       |     9 |    17 |       |       ||    26
         Blade Hands       |       |       |       |       |       |     1 |       |     1 |       ||     2
         Dispersal         |       |       |       |       |       |       |    10 |     5 |       ||    15
         Malign Gateway    |       |       |       |       |       |       |    12 |    31 |    32 ||    75
         Summon Horrible T |       |       |       |       |       |       |       |    81 |   105 ||   186
         Disjunction       |       |       |       |       |       |       |       |       |     3 ||     3
 Invoke: Curse Item        |       |       |     3 |     3 |     4 |     2 |     3 |       |     3 ||    18
         Shatter the Chain |       |       |       |     2 |     2 |     1 |     1 |     1 |     2 ||     9
  Evoke: Box of beasts     |       |       |       |     2 |     3 |     2 |     1 |     1 |     1 ||    10
         Wand              |       |       |       |       |     2 |     1 |     8 |       |       ||    11
         Phantom mirror    |       |       |       |       |       |     3 |     2 |       |     1 ||     6
         Tin of tremorston |       |       |       |       |       |       |     2 |       |       ||     2
    Use: Scroll            |       |    10 |     1 |     4 |    10 |     7 |    11 |     1 |    10 ||    54
         Potion            |       |     1 |     2 |     4 |       |     1 |    13 |     1 |     7 ||    29
   Stab: Sleeping          |       |     1 |       |       |     2 |       |       |     1 |       ||     4
         Confused          |       |       |       |     1 |     1 |       |       |       |       ||     2
         Distracted        |       |       |       |       |     4 |     2 |     7 |     7 |    10 ||    30
 Armour: Robe              |     1 |       |     1 |       |       |       |       |       |       ||     2
         Leather armour    |       |       |       |    11 |    32 |    17 |    22 |     4 |       ||    86
         Acid dragon scale |       |       |       |       |       |       |       |    22 |     1 ||    23
         Ring mail         |       |       |       |       |       |       |       |       |    31 ||    31
  Dodge: Dodged            |     1 |     1 |    13 |    88 |   268 |   213 |   166 |   152 |   183 ||  1085
         Repelled          |       |       |       |       |       |    12 |       |       |       ||    12
  Block: Buckler           |       |       |       |    15 |   107 |    63 |       |       |       ||   185
         Kite shield       |       |       |       |       |       |    42 |   165 |   116 |   131 ||   454

Illustrated notes

Table legend:
 A = Kills in this place as a percentage of kills in the entire game.
 B = Kills by you in this place as a percentage of kills by you in the entire game.
 C = Kills by friends in this place as a percentage of kills by friends in the entire game.
 D = Other kills in this place as a percentage of other kills in the entire game.
 E = Experience gained in this place as a percentage of experience gained in the entire game.
 F = Experience gained in this place divided by the number of levels of this place that you have seen.
                   A       B       C       D       E      F
               +-------+-------+-------+-------+-------+----------------------
         Total | 100.0 | 100.0 | 100.0 | 100.0 | 100.0 | 21154.9
       Dungeon |  18.6 |  21.8 |   4.0 |   0.0 |   5.1 | 3708.5
          Lair |  11.4 |  13.4 |   2.3 |   0.0 |   5.7 | 12438.2
        Shoals |   9.1 |  11.1 |   0.0 |   0.0 |   8.4 | 23020.0
     Snake Pit |  10.2 |  12.2 |   0.9 |  11.1 |   9.4 | 25948.5
  Orcish Mines |   3.5 |   4.3 |   0.0 |   0.0 |   1.0 | 5403.5
   Elven Halls |   8.6 |   5.5 |  23.3 |  11.1 |  11.2 | 41223.3
        Vaults |  18.5 |  17.0 |  25.9 |   0.0 |  25.2 | 55537.4
        Depths |   9.9 |   7.8 |  19.3 |  33.3 |  16.6 | 45585.2
           Zot |   4.8 |   2.0 |  17.6 |  22.2 |  12.9 | 28297.0
      Ice Cave |   2.0 |   1.3 |   4.9 |  11.1 |   2.1 | 23527.0
       Volcano |   0.8 |   0.9 |   0.0 |   0.0 |   0.3 | 3573.0
    Desolation |   2.6 |   2.8 |   1.7 |  11.1 |   2.1 | 23274.0
               +-------+-------+-------+-------+-------+----------------------

Table legend: (Time is in decaauts)
 A = Elapsed time spent in this place.
 B = Non-inter-level travel time spent in this place.
 C = Inter-level travel time spent in this place.
 D = Time resting spent in this place.
 E = Time spent auto-exploring this place.
 F = Levels seen in this place.
 G = Mean time per level.
                   A        B        C        D        E       F      G
               +--------+--------+--------+--------+--------+-----+--------+
         Total |  53593 |  47985 |   5608 |   7125 |  30717 |  52 | 1030.6 |
       Dungeon |  16444 |  13891 |   2553 |   2315 |   9651 |  15 | 1096.3 |
        Temple |    131 |    112 |     19 |      0 |     88 |   1 |  131.0 |
          Lair |   7020 |   6375 |    645 |    824 |   4119 |   5 | 1404.0 |
        Shoals |   4418 |   4264 |    154 |    490 |   3067 |   4 | 1104.5 |
     Snake Pit |   4623 |   4273 |    350 |    959 |   2468 |   4 | 1155.8 |
  Orcish Mines |   1514 |   1252 |    262 |    115 |    898 |   2 |  757.0 |
   Elven Halls |   3655 |   3514 |    141 |    487 |   2104 |   3 | 1218.3 |
        Vaults |   7825 |   6851 |    974 |    495 |   4877 |   5 | 1565.0 |
         Crypt |      1 |      1 |      0 |      0 |      0 |   1 |    1.0 |
        Depths |   5133 |   4813 |    320 |   1011 |   2713 |   4 | 1283.2 |
           Zot |   1596 |   1409 |    187 |    136 |    444 |   5 |  319.2 |
      Ice Cave |    480 |    480 |      0 |     48 |    270 |   1 |  480.0 |
       Volcano |    332 |    332 |      0 |    104 |     13 |   1 |  332.0 |
    Desolation |    413 |    413 |      0 |    141 |      5 |   1 |  413.0 |
               +--------+--------+--------+--------+--------+-----+--------+

Top non-repeatable levels by time:
    D:10: 2326 daAuts
Vaults:2: 1819 daAuts
     D:7: 1806 daAuts
Vaults:3: 1692 daAuts
  Lair:3: 1554 daAuts
 Snake:4: 1553 daAuts
Vaults:5: 1470 daAuts
Vaults:4: 1445 daAuts
  Lair:4: 1441 daAuts
  Lair:5: 1406 daAuts
Depths:3: 1406 daAuts
  Lair:2: 1404 daAuts
Vaults:1: 1397 daAuts
   Elf:1: 1389 daAuts
Depths:2: 1368 daAuts
